 Dungeon Crawl Stone Soup version 0.30.0-15-g856e2d3f33 (webtiles) character file.

Game seed: 14772024912292024873

13605 NateTC the Severer (level 11, -3/102 HPs)
             Began as a Minotaur Fighter on May 20, 2023.
             Was an Initiate of Gozag.
             Slain by a six-headed hydra (8 damage)
             ... on level 1 of the Lair of Beasts.
             The game lasted 00:14:16 (11953 turns).

NateTC the Severer (Minotaur Fighter)              Turns: 11953, Time: 00:14:16

Health: -3/102     AC: 21    Str: 24    XL:     11   Next: 77%
Magic:  10/10      EV:  7    Int:  5    God:    Gozag
Gold:   1260       SH:  6    Dex: 11    Spells: 10/10 levels left

rFire   . . .        b - +0 morningstar
rCold   + . .        c - +0 buckler
rNeg    . . .        j - +2 plate armour
rPois   .            (helmet restricted)
rElec   .            D - +1 cloak
rCorr   .            v - +2 pair of gloves of Buthruwy {Slay+2}
SInv    .            (no boots)
Will    .....        (no amulet) Stlth
                     f - ring of flight
HPRegen 0.37/turn    B - ring of protection from cold
MPRegen 0.12/turn

%: no passive effects
@: lethally poisoned (-3 -> -13), gold aura, flying, slowed, studying Short
Blades, very slow
A: horns 2, retaliatory headbutt
a: Renounce Religion, Potion Petition, Call Merchant, Bribe Branch


You were on level 1 of the Lair of Beasts.
You worshipped Gozag.
Gozag was most pleased with you.
You visited 3 branches of the dungeon, and saw 14 of its levels.

You collected 1867 gold pieces.
You spent 469 gold pieces at shops.
You paid 138 gold pieces to Gozag.

Inventory:

Hand Weapons
 a - the +8 broad axe of Qazlal's Hatred {heavy, Str+4}
   (You acquired it on level 10 of the Dungeon)

   Str:       It affects your strength (+4).
 b - a +0 morningstar (weapon)
Armour
 c - a +0 buckler (worn)
 j - a +2 plate armour (worn)
 v - the +2 pair of gloves of Buthruwy (worn) {Slay+2}
   (You acquired it on level 9 of the Dungeon)

   Slay:      It affects your accuracy & damage with ranged weapons and melee
   (+2).
 D - a +1 cloak (worn)
Jewellery
 f - a ring of flight (left hand)
 z - a ring of positive energy
 B - a ring of protection from cold (right hand)
 C - a ring of positive energy
Wands
 e - a wand of polymorph (6)
 r - a wand of flame (38)
 u - a wand of roots (3)
Scrolls
 l - 6 scrolls of poison
 p - 3 scrolls of immolation
 q - a scroll of identify
 w - 2 scrolls of teleportation
 y - 2 scrolls of amnesia
Potions
 d - 2 potions of might
 g - 2 potions of brilliance
 h - 2 potions of mutation
 i - 4 potions of heal wounds
 k - 4 potions of attraction
 m - 18 potions of curing
 n - 3 potions of cancellation
 s - a potion of resistance
 t - 2 potions of haste
 A - a potion of berserk rage


   Skills:
 - Level 11.4 Fighting
 - Level 15.9 Axes
 + Level 8.9 Armour
 + Level 10.0 Shields


You had 10 spell levels left.
You didn't know any spells.
Your spell library contained the following spells:

 Spells                   Type           Power      Damage    Failure   Level
 Freeze                   Ice            0%         1d3       100%        1
 Magic Dart               Conj           0%         1d3       100%        1
 Cigotuvi's Dreadful Rot  Necr/Pois/Air  0%         N/A       100%        2
 Searing Ray              Conj           0%         2d4       100%        2
 Sublimation of Blood     Necr           0%         N/A       100%        2
 Wereblood                Tmut           0%         N/A       100%        2
 Call Canine Familiar     Summ           0%         N/A       100%        3
 Frozen Ramparts          Ice            0%         1d1       100%        3
 Hailstorm                Conj/Ice       0%         3d3       100%        3
 Ignite Poison            Fire/Tmut/Pois 0%         N/A       100%        3
 Portal Projectile        Hex/Tloc       0%         N/A       100%        3
 Stone Arrow              Conj/Erth      0%         3d7       100%        3
 Tukima's Dance           Hex            0%         N/A       100%        3
 Animate Armour           Summ/Erth      0%         N/A       100%        4
 Fulminant Prism          Conj/Hex       0%         3d5       100%        4
 Leda's Liquefaction      Hex/Erth       0%         N/A       100%        4
 Blade Hands              Tmut           0%         N/A       100%        5
 Freezing Cloud           Conj/Ice/Air   0%         6-21      100%        5
 Summon Hydra             Summ           0%         N/A       100%        7
 Lehudib's Crystal Spear  Conj/Erth      0%         10d2      100%        8


Dungeon Overview and Level Annotations

Branches:
Dungeon (12/15) Zot: 26912  Temple (1/1) D:7 Zot: 5761    Lair (1/5) D:11 Zot: 5335
    Orc (0/2) D:9

Altars:
Ashenzari
Cheibriados
Dithmenos
Elyvilon
Fedhas
Gozag
Hepliaklqana
Kikubaaqudgha
Makhleb
Nemelex Xobeh
Okawaru
Qazlal
Ru
Sif Muna
Trog
Uskayaw
Vehumet
Wu Jian
Xom
Yredelemnul
Zin
The Shining One

Shops:
D:7 !   D:8 (!!*


Innate Abilities, Weirdness & Mutations

You have a pair of horns on your head.
You reflexively headbutt those who attack you in melee.


Message History

You are more poisoned.
The cane toad poisons you! The wolf bites you but does no damage.
The six-headed hydra closely misses you.
The six-headed hydra bites you.
* * * LOW HITPOINT WARNING * * *
The six-headed hydra bites you but does no damage. x2
You block the six-headed hydra's attack.
The six-headed hydra bites you but does no damage.
The cane toad barely misses you. What are your orders? t - Shout!
Orders for allies: a - Attack new target. r - Retreat! s - Stop attacking. g - Guard the area. f - Follow me.
Anything else - Cancel.
Retreat in which direction?
Press: ? - help, Dir - move target, f - you
Okay, then.
Unknown command.
Unknown command.
As you read the scroll of fear, it crumbles to dust.
You assume a fearsome visage.
The cane toad resists with some effort.
The six-headed hydra resists with some effort.
The wolf looks frightened!
The dire elephant looks frightened!
The electric eel looks frightened!
You feel very sick. The cane toad barely misses you.
The six-headed hydra bites you but does no damage.
The six-headed hydra barely misses you.
The six-headed hydra bites you but does no damage.
You block the six-headed hydra's attack.
The six-headed hydra bites you.
* * * LOW HITPOINT WARNING * * *
The six-headed hydra bites you.
* * * LOW HITPOINT WARNING * * *
The cane toad stings you.
* * * LOW HITPOINT WARNING * * *
The six-headed hydra bites you!
You die...
Your body crumbles into a pile of gold.

.............## ..≈≈≈#
..............## #)≈≈≈#
...............###..~≈##
................##..~≈≈#
....#....#.......#.$Y≈≈#
....#....##......##..~≈#
....#....##......##FhS≈#
....#.... #......#D$≈≈≈#
>...... #.....@#..~≈≈#
....#....##.~h~.FD..≈≈##
.........P#.≈≈≈~...~≈≈#
....#.....#.#≈≈≈≈≈~≈≈≈#
....#.....#..#≈≈≈≈YS≈##
....#....#....########
....#....##...####...#.
....#....##............
.......................


You could see a dire elephant (fleeing), a six-headed hydra, a cane toad, a wolf
(fleeing) and an electric eel (fleeing).

Vanquished Creatures
  Harold (Lair:1)
  2 two-headed ogres
  A cyclops (D:11)
  2 black mambas (Lair:1)
  A kobold demonologist (D:11)
  A cane toad (Lair:1)
  An unseen horror (D:10)
  3 komodo dragons
  A troll (D:10)
  A hornet (D:9)
  2 wyverns (D:11)
  A shadow (D:11)
  14 yaks
  4 steam dragons
  2 acid dragons
  2 sky beasts
  A swamp drake (D:11)
  3 orc warriors
  2 water moccasins (Lair:1)
  2 black bears
  4 ice beasts
  2 ogres
  7 wolves (Lair:1)
  4 centaurs
  2 kobold brigands
  9 bullfrogs
  3 gnoll sergeants
  4 scorpions
  8 wights
  11 killer bees
  4 howler monkeys
  An electric eel (D:9)
  A crimson imp (D:6)
  A jelly (D:8)
  4 orc priests
  2 hounds
  Crazy Yiuf (D:2)
  Ijyb (D:4)
  2 gnoll boudas
  2 iguanas
  Natasha (thrice) (D:4)
  5 orc wizards
  7 adders
  25 gnolls
  2 white imps (D:7)
  2 ufetubi
  3 worms
  2 dart slugs (D:4)
  24 orcs
  8 ball pythons
  3 endoplasms
  A giant cockroach (D:2)
  11 goblins
  5 hobgoblins
  4 jackals (D:5)
  19 kobolds
  A quokka (D:2)
  4 bats
  A frilled lizard (D:2)
  6 rats
256 creatures vanquished.

Notes
Turn   | Place    | Note
-------+----------+-------------------------------------------
     0 | D:1      | NateTC the Minotaur Fighter began the quest for the Orb.
     0 | D:1      | Reached XP level 1. HP: 19/19 MP: 0/0
   155 | D:1      | Reached XP level 2. HP: 16/27 MP: 1/1
   160 | D:1      | Reached skill level 3 in Axes
   692 | D:2      | Reached XP level 3. HP: 34/34 MP: 2/2
   962 | D:2      | Reached skill level 4 in Axes
  1054 | D:2      | Reached XP level 4. HP: 41/41 MP: 3/3
  1217 | D:2      | Found a runed translucent door.
  1218 | D:2      | Noticed Crazy Yiuf
  1223 | D:2      | Killed Crazy Yiuf
  1224 | D:2      | Reached skill level 5 in Fighting
  1232 | D:2      | Identified the +3 hammer "Deliunlo" {freeze, Str+2}
  1665 | D:3      | Reached skill level 5 in Axes
  1665 | D:3      | Reached XP level 5. HP: 35/48 MP: 4/4
  2249 | D:4      | Noticed a black bear
  2254 | D:4      | Killed a black bear
  2473 | D:4      | Noticed Natasha
  2478 | D:4      | Killed Natasha
  2479 | D:4      | Reached XP level 6. HP: 46/56 MP: 5/5
  2529 | D:4      | Reached skill level 6 in Axes
  2529 | D:4      | Reached skill level 5 in Armour
  2645 | D:4      | Noticed Natasha
  2652 | D:4      | Killed Natasha
  2659 | D:4      | Noticed Ijyb
  2755 | D:4      | Noticed Natasha
  2791 | D:4      | Killed Natasha
  2792 | D:4      | Reached skill level 7 in Axes
  2792 | D:4      | Reached XP level 7. HP: 8/61 MP: 6/6
  2797 | D:4      | Killed Ijyb
  3188 | D:4      | You are sucked into a shaft and drop 2 floors!
  3190 | D:6      | Found a blossoming altar of Fedhas.
  3214 | D:5      | Entered Level 5 of the Dungeon
  3811 | D:5      | Reached skill level 8 in Axes
  3943 | D:5      | Reached skill level 9 in Axes
  4152 | D:5      | Identified the +5 dagger of Relil {elec, Drain rN++ rCorr
                  | Str+3}
  4345 | D:5      | Found a broken altar of Ashenzari.
  4345 | D:5      | Found an iron altar of Okawaru.
  4523 | D:6      | Reached XP level 8. HP: 69/70 MP: 7/7
  5369 | D:6      | Found a radiant altar of Vehumet.
  5370 | D:6      | Found a burning altar of Makhleb.
  5894 | D:7      | Reached skill level 10 in Fighting
  5920 | D:7      | Found Gioludis's Distillery.
  5927 | D:7      | Bought a potion of heal wounds for 70 gold pieces
  5927 | D:7      | Bought 2 potions of curing for 84 gold pieces
  5927 | D:7      | Bought a potion of curing for 42 gold pieces
  6020 | D:7      | Found a staircase to the Ecumenical Temple.
  6034 | D:7      | Reached XP level 9. HP: 66/86 MP: 8/8
  6044 | Temple   | Entered the Ecumenical Temple
  6269 | Temple   | Became a worshipper of Gozag Ym Sagoz the Greedy
  6803 | D:8      | Found Peugh's Distillery.
  6817 | D:8      | Reached skill level 10 in Axes
  6863 | D:8      | Bought a potion of curing for 39 gold pieces
  6863 | D:8      | Bought 2 potions of curing for 78 gold pieces
  6909 | D:8      | Noticed a two-headed ogre
  6917 | D:8      | Killed a two-headed ogre
  6918 | D:8      | Reached skill level 11 in Axes
  7162 | D:8      | Found a shimmering altar of Xom.
  7177 | D:8      | Reached skill level 12 in Axes
  7465 | D:8      | Found Queturu's Weapon Boutique.
  7610 | D:8      | Found Jainwoar's Distillery.
  7618 | D:8      | Bought a potion of curing for 39 gold pieces
  7618 | D:8      | Bought a potion of curing for 39 gold pieces
  7618 | D:8      | Bought a potion of curing for 39 gold pieces
  7618 | D:8      | Bought a potion of curing for 39 gold pieces
  7631 | D:8      | Found Gawnof's General Store.
  7770 | D:9      | Reached XP level 10. HP: 92/96 MP: 9/9
  7776 | D:9      | Reached skill level 13 in Axes
  8275 | D:9      | Reached skill level 14 in Axes
  8615 | D:9      | Found a staircase to the Orcish Mines.
  9037 | D:9      | Reached skill level 5 in Shields
  9213 | D:9      | Identified a scroll of acquirement
  9213 | D:9      | Acquired the +2 pair of gloves of Buthruwy {Slay+2}
  9321 | D:10     | Entered Level 10 of the Dungeon
  9437 | D:10     | Reached skill level 15 in Axes
  9682 | D:10     | Reached XP level 11. HP: 79/102 MP: 10/10
 10075 | D:10     | Acquired the +8 broad axe of Qazlal's Hatred {heavy, Str+4}
 10555 | D:11     | Found a staircase to the Lair.
 10807 | D:11     | Found a broken altar of Ashenzari.
 11016 | D:11     | Noticed a two-headed ogre
 11023 | D:11     | Killed a two-headed ogre
 11301 | Lair:1   | Entered Level 1 of the Lair of Beasts
 11341 | Lair:1   | Noticed Harold
 11354 | Lair:1   | Killed Harold
 11768 | Lair:1   | Identified the +7 mace "Ishusk" {flame, Int+3 Dex+6}
 11938 | Lair:1   | Noticed a six-headed hydra
 11938 | Lair:1   | Noticed a dire elephant
 11949 | Lair:1   | Reached skill level 10 in Shields
 11953 | Lair:1   | HP: 5/102 [cane toad (5)]
 11953 | Lair:1   | Slain by a six-headed hydra

Illustrated notes

Levels and vault maps discovered:
D:1:      heliophobic_arrival_dark_side_of_the_moon, layout_rooms
D:2:      layout_loops_cross, minmay_tall_x, uniq_crazy_yiuf_cottage
D:3:      layout_basic
D:4:      layout_loops_ring, minmay_manual_mares, uniq_ijyb, uniq_natasha
D:5:      layout_basic, chequers_temple_overflow_statue_of_worship
D:6:      layout_basic, grunt_temple_overflow_lords_of_destruction,
          fedhas_altar_1
D:7:      layout_basic, temple_fountains, serial_shops, nicolae_stop_n_shop_1,
          hangedman_decor_growths, kennysheep_small_spiral
D:8:      layout_basic, mainiacjoe_overflow_six_doors_small, serial_shops,
          nicolae_stop_n_shop_2, shop, nicolae_shop_tiny_statue_garden, shop
D:9:      layout_basic, kennysheep_nondescript
D:10:     layout_cross
D:11:     layout_loops_ring, erik_lair_dragon, nicolae_ashenzari_skybound
D:12:     minmay_outward_triangles, layout_loops_cross,
          nicolae_dithmenos_the_darkroom, uniq_fannar
Temple:   regret_index_temple_sphere_string
Lair:1:   layout_gridlike, chequers_serial_rivers_micro_c,
          nicolae_lair_lakeside_cave, infiniplex_staircase_pool_2,
          grunt_megastairs_1, uniq_harold

Skill      XL: |  1  2  3  4  5  6  7  8  9 10 11 |
---------------+----------------------------------+-----
Fighting       | 4 5 10 11 | 11.4
Axes           | 3 4 5 7 9 12 15 | 15.9
Shields        | 4 6 10 | 10.0
Armour         | 4 5 8 |  8.9

Action                     |  1- 3 |  4- 6 |  7- 9 | 10-12 || total
---------------------------+-------+-------+-------+-------++-------
  Melee: War axe           |    79 |    81 |   286 |   140 ||   586
         Headbutt          |    10 |    13 |    59 |    42 ||   124
         Unarmed           |       |    30 |       |       ||    30
         Broad axe         |       |       |       |    85 ||    85
         Morningstar       |       |       |       |     2 ||     2
    Use: Scroll            |     2 |     7 |     9 |    11 ||    29
         Potion            |       |       |     2 |       ||     2
   Stab: Distracted        |       |       |     1 |     1 ||     2
 Armour: Scale mail        |    13 |       |       |       ||    13
         Plate armour      |    38 |    88 |   254 |   145 ||   525
  Dodge: Dodged            |    31 |    44 |    97 |    77 ||   249
  Block: Buckler           |    19 |    20 |    53 |    63 ||   155
